 Dungeon Crawl Stone Soup version 0.28.0-1-gb440e238dd (webtiles) character file.

Game seed: 3301450265659088367

202 themarg the Fighter (level 5, -2/51 HPs)
             Began as a Gnoll Wanderer on Feb 25, 2022.
             Slain by a howler monkey (5 damage)
             ... on level 4 of the Dungeon.
             The game lasted 00:08:41 (3255 turns).

themarg the Fighter (Gnoll Wanderer)                Turns: 3255, Time: 00:08:41

Health: -2/51      AC:  6    Str: 11    XL:     5   Next: 80%
Magic:  7/7        EV: 10    Int: 12    God:
Gold:   171        SH:  0    Dex: 13    Spells: 7/7 levels left

rFire   . . .      SeeInvis .   a - +3 mace
rCold   . . .      Faith    .   (no shield)
rNeg    . . .      Spirit   .   t - +0 ring mail
rPois   .          Reflect  .   (no helmet)
rElec   .          Harm     .   (no cloak)
rCorr   .          Rampage  .   (no gloves)
Will    .....                   b - +0 pair of boots
Stlth   +++.......              (no amulet)
HPRegen 0.17/turn               (no ring)
MPRegen 0.10/turn               (no ring)

@: hasted, very quick
A: fangs 1, strong nose, distributed training
a: no special abilities


You were on level 4 of the Dungeon.
You visited 1 branch of the dungeon, and saw 4 of its levels.

You collected 171 gold pieces.

Inventory:

Hand Weapons
 a - a +3 mace (weapon)
 h - a +0 arbalest
Missiles
 d - 39 stones (quivered)
 e - 29 arrows
Armour
 b - a +0 pair of boots (worn)
 c - a +0 robe
 m - a +0 tower shield
 s - a +0 chain mail
 t - a +0 ring mail (worn)
Magical Staves
 r - a staff of fire
Jewellery
 v - a ring of magical power
Scrolls
 f - a scroll of noise {unknown}
 i - a scroll of blinking {unknown}
 j - a scroll of identify {unknown}
 p - a scroll of fear {unknown}
 q - a scroll of magic mapping {unknown}
 u - a scroll of fog {unknown}
 w - a scroll of enchant armour {unknown}
Potions
 k - a potion of flight {unknown}
 l - a potion of brilliance {unknown}
 n - a potion of lignification {unknown}
 o - a potion of attraction {unknown}


   Skills:
 + Level 8.7 Fighting
 + Level 1.6 Short Blades
 + Level 1.6 Long Blades
 + Level 1.6 Axes
 + Level 4.8 Maces & Flails
 + Level 1.6 Polearms
 + Level 1.6 Staves
 + Level 1.6 Slings
 + Level 1.6 Bows
 + Level 1.6 Crossbows
 + Level 1.6 Throwing
 + Level 1.6 Armour
 + Level 1.6 Dodging
 + Level 7.9 Stealth
 + Level 1.6 Shields
 + Level 1.6 Unarmed Combat
 + Level 1.6 Spellcasting
 + Level 1.3 Conjurations
 + Level 1.3 Hexes
 + Level 1.3 Summonings
 + Level 1.3 Necromancy
 + Level 1.3 Translocations
 + Level 1.3 Transmutations
 + Level 1.3 Fire Magic
 + Level 1.3 Ice Magic
 + Level 1.3 Air Magic
 + Level 1.3 Earth Magic
 + Level 1.3 Poison Magic
 + Level 1.8 Invocations
 + Level 1.6 Evocations


You had 7 spell levels left.
You didn't know any spells.
Your spell library contained the following spells:

 Spells                   Type           Power      Damage    Failure   Level
 Gell's Gravitas          Tloc           4%         N/A       75%         3
 Teleport Other           Tloc           4%         N/A       75%         3
 Dispersal                Tloc           2%         N/A       100%        6


Dungeon Overview and Level Annotations

Branches:
Dungeon (4/15)
 Temple: D:4-7

Altars:

Shops:
D:4 [


Innate Abilities, Weirdness & Mutations

You have very sharp teeth.
Your uncanny sense of smell can sniff out nearby items.
Your experience applies equally to all skills.


Message History

The iguana is almost dead.
The iguana bites you but does no damage.
You completely miss the iguana.
The iguana is almost dead.
A howler monkey comes into view.
The iguana bites you!
The kobold throws a stone.
The stone closely misses you.
The stone hits the iguana but does no damage.
The iguana closely misses you.
The howler monkey howls!
You hit the iguana but do no damage.
The iguana is almost dead.
The howler monkey hoots and howls with incredible vigour!
The iguana bites you!
The kobold throws a stone.
The stone closely misses you.
The stone hits the iguana but does no damage.
You hear a shout!
You closely miss the iguana.
The iguana is almost dead.
The iguana bites you but does no damage.
The kobold throws a stone.
The stone closely misses you.
The stone barely misses the iguana.
You hit the iguana.
The iguana is almost dead.
The howler monkey hoots and howls with incredible vigour!
The iguana misses you.
The kobold throws a stone.
The stone hits you but does no damage.
You hear a shout!
You closely miss the iguana.
The iguana is almost dead.
The iguana bites you!
* * * LOW HITPOINT WARNING * * *
You closely miss the iguana.
The iguana is almost dead.
The iguana barely misses you.
A dart slug comes into view.
It was a potion of haste.
You feel yourself speed up.
The bullfrog skeleton closely misses you.
The iguana bites you.
* * * LOW HITPOINT WARNING * * *
The howler monkey hits you.
You die...

##.. P§wP§. ##...
§§§.§ #.... ....
#....## ...
#....+ ..# ..
#[..#+#..# ...
##∩...#Z.##....
#.....@l.#.. ..
##...h#.......#
##..K.##.##...#
#.......##.....
#.....#..........
#..##.#..<.#....
#.. #....### ..#
...# #..### ..
#...


You could see a howler monkey, an iguana, a dart slug (wandering), a kobold and
a bullfrog skeleton.

Vanquished Creatures
  An ogre (D:2)
  An orc priest (D:3)
  An adder skeleton (D:2)
  2 worms (D:3)
  A dart slug (D:2)
  2 orcs (D:3)
  5 bats
  7 endoplasms
  2 giant cockroaches
  6 goblins
  4 hobgoblins
  2 jackals (D:3)
  5 kobolds
  3 quokkas
  11 ball pythons
  14 frilled lizards
  4 rats
71 creatures vanquished.

Vanquished Creatures (others)
  A plant (D:1)
  2 withered plants (D:4)
3 creatures vanquished.

Grand Total: 74 creatures vanquished

Notes
Turn   | Place    | Note
-------+----------+-------------------------------------------
     0 | D:1      | themarg the Gnoll Wanderer began the quest for the Orb.
     0 | D:1      | themarg set off with the following items: a +3 mace, a +0
                  | pair of boots, a +0 robe
     0 | D:1      | Reached XP level 1. HP: 26/26 MP: 1/1
   133 | D:1      | Reached XP level 2. HP: 33/33 MP: 2/2
   876 | D:1      | Reached XP level 3. HP: 38/38 MP: 3/3
  1181 | D:2      | Reached skill level 1 in Invocations
  1589 | D:2      | Reached skill level 1 in Short Blades
  1589 | D:2      | Reached skill level 1 in Long Blades
  1589 | D:2      | Reached skill level 1 in Axes
  1589 | D:2      | Reached skill level 1 in Polearms
  1589 | D:2      | Reached skill level 1 in Staves
  1589 | D:2      | Reached skill level 1 in Slings
  1589 | D:2      | Reached skill level 1 in Bows
  1589 | D:2      | Reached skill level 1 in Crossbows
  1589 | D:2      | Reached skill level 1 in Throwing
  1589 | D:2      | Reached skill level 1 in Armour
  1589 | D:2      | Reached skill level 1 in Dodging
  1589 | D:2      | Reached skill level 1 in Shields
  1589 | D:2      | Reached skill level 1 in Unarmed Combat
  1589 | D:2      | Reached skill level 1 in Spellcasting
  1589 | D:2      | Reached skill level 1 in Evocations
  1661 | D:2      | Noticed an ogre
  1672 | D:2      | Killed an ogre
  1673 | D:2      | Reached skill level 1 in Conjurations
  1673 | D:2      | Reached skill level 1 in Hexes
  1673 | D:2      | Reached skill level 1 in Summonings
  1673 | D:2      | Reached skill level 1 in Necromancy
  1673 | D:2      | Reached skill level 1 in Translocations
  1673 | D:2      | Reached skill level 1 in Transmutations
  1673 | D:2      | Reached skill level 1 in Fire Magic
  1673 | D:2      | Reached skill level 1 in Ice Magic
  1673 | D:2      | Reached skill level 1 in Air Magic
  1673 | D:2      | Reached skill level 1 in Earth Magic
  1673 | D:2      | Reached skill level 1 in Poison Magic
  1673 | D:2      | Reached XP level 4. HP: 20/45 MP: 4/6
  1673 | D:2      | Reached XP level 5. HP: 23/51 MP: 4/7
  2074 | D:3      | Found a faded altar of an unknown god.
  3233 | D:4      | Found Vytitoku's Antique Armour Emporium.
  3255 | D:4      | Slain by a howler monkey

Illustrated notes

Levels and vault maps discovered:
D:1:      mrwooster_arrival_statue, layout_loops_ring,
          chequers_serial_rivers_small_3, minmay_lizard_king
D:2:      layout_basic
D:3:      layout_basic, ebering_ecumenical_altar_abandoned
D:4:      layout_cave_pools, minmay_temple_entry_grid, serial_undead,
          serial_undead_d, serial_undead_b, serial_undead_e, serial_undead_c,
          serial_undead_d, serial_shops, shop, kennysheep_mini, minmay_cupped

Skill      XL: |  1  2  3 |
---------------+----------+-----
Invocations    | 1 |  1.8
Short Blades   | 1 |  1.6
Long Blades    | 1 |  1.6
Axes           | 1 |  1.6
Polearms       | 1 |  1.6
Staves         | 1 |  1.6
Slings         | 1 |  1.6
Bows           | 1 |  1.6
Crossbows      | 1 |  1.6
Throwing       | 1 |  1.6
Armour         | 1 |  1.6
Dodging        | 1 |  1.6
Shields        | 1 |  1.6
Unarmed Combat | 1 |  1.6
Spellcasting   | 1 |  1.6
Evocations     | 1 |  1.6
Conjurations   | 1 |  1.3
Hexes          | 1 |  1.3
Summonings     | 1 |  1.3
Necromancy     | 1 |  1.3
Translocations | 1 |  1.3
Transmutations | 1 |  1.3
Fire Magic     | 1 |  1.3
Ice Magic      | 1 |  1.3
Air Magic      | 1 |  1.3
Earth Magic    | 1 |  1.3
Poison Magic   | 1 |  1.3
Fighting       | |  8.7
Maces & Flails | |  4.8
Stealth        | |  7.9

Action                   |  1- 3 |  4- 6 || total
-------------------------+-------+-------++-------
Melee: Mace              |   103 |    57 ||   160
       Bite              |     9 |     4 ||    13
  Use: Potion            |       |     1 ||     1
 Stab: Sleeping          |    21 |    12 ||    33
Armor: Robe              |    34 |     2 ||    36
       Ring mail         |       |     9 ||     9
Dodge: Dodged            |    75 |    28 ||   103
